 Dungeon Crawl Stone Soup version 0.30.0-16-gbe6223bb7e (webtiles) character file.

Game seed: 4698081743180696439

332 Descartes the Shield-Bearer (level 6, 0/49 HPs)
             Began as a Formicid Fighter on May 20, 2023.
             Was an Initiate of Gozag.
             Constricted to death by Edmund (3 damage)
             ... on level 4 of the Dungeon.
             The game lasted 00:06:58 (3562 turns).

Descartes the Shield-Bearer (Formicid Fighter)      Turns: 3562, Time: 00:06:59

Health: 0/49       AC:  7    Str: 22    XL:     6   Next: 82%
Magic:  6/6        EV:  5    Int:  8    God:    Gozag
Gold:   245        SH:  9    Dex: 13    Spells: 5/5 levels left

rFire   . . .        a - +0 war axe
rCold   . . .        v - +0 kite shield
rNeg    . . .        b - +0 scale mail
rPois   .            (helmet unavailable)
rElec   .            (no cloak)
rCorr   .            (no gloves)
SInv    +            (no boots)
Will    .....        (no amulet) Stlth
                     (no ring)
HPRegen 0.28/turn    (no ring)
MPRegen 0.10/turn

%: no passive effects
@: mighty, grasped by roots, constricted
A: permanent stasis, dig shafts and tunnels, antennae 3, four strong arms
a: Dig, Shaft Self, Renounce Religion, Potion Petition, Call Merchant, Bribe
Branch


You were on level 4 of the Dungeon.
You worshipped Gozag.
Gozag was aware of your devotion.
You visited 2 branches of the dungeon, and saw 6 of its levels.

You collected 329 gold pieces.
You paid 84 gold pieces to Gozag.

Inventory:

Hand Weapons
 a - a +0 war axe (weapon)
Missiles
 u - 2 poisoned darts
Armour
 b - a +0 scale mail (worn)
 v - a +0 kite shield (worn)
Jewellery
 c - a ring of poison resistance
Wands
 m - a wand of mindburst (15)
Scrolls
 e - 2 scrolls of enchant weapon {unknown}
 h - 3 scrolls of teleportation {unknown}
 i - 8 scrolls of identify {unknown}
 j - a scroll of immolation {unknown}
 k - 2 scrolls of fog {unknown}
 l - a scroll of blinking {unknown}
 n - a scroll of torment {unknown}
 o - a scroll of fear {unknown}
 p - a scroll of acquirement {unknown}
 q - 2 scrolls of brand weapon {unknown}
 s - a scroll of amnesia {unknown}
 w - a scroll of vulnerability {unknown}
Potions
 d - a potion of might
 f - 5 potions of curing
 g - 2 potions of flight {unknown}
 r - a potion of degeneration {unknown}
 t - a potion of attraction {unknown}


   Skills:
 + Level 4.4 Fighting
 + Level 3.2 Axes
 + Level 4.3 Armour
 + Level 5.2 Shields
 + Level 2.1 Translocations
 + Level 2.1 Evocations


You had 5 spell levels left.
You didn't know any spells.
Your spell library contained the following spells:

 Spells                   Type           Power      Damage    Failure   Level
 Cause Fear               Hex            0%         N/A       100%        4
 Dragon Form              Tmut           0%         N/A       100%        7
 Dragon's Call            Summ           0%         N/A       100%        9


Dungeon Overview and Level Annotations

Branches:
Dungeon (5/15)             Temple (1/1) D:4

Altars:
Cheibriados
Elyvilon
Fedhas
Gozag
Hepliaklqana
Kikubaaqudgha
Makhleb
Nemelex Xobeh
Okawaru
Qazlal
Ru
Sif Muna
Trog
Uskayaw
Wu Jian
Zin
The Shining One

Shops:
D:4 *

Annotations:
D:4 Edmund


Innate Abilities, Weirdness & Mutations

You cannot be hasted, slowed, berserked, paralysed or teleported.
You can dig through walls and to a lower floor.
You have a pair of large antennae on your head. (SInv)
Your four strong arms can wield two-handed weapons with a shield.


Message History

The orc wizard mumbles some strange words.
The orc wizard flickers and vanishes for a moment.
You climb upwards.
There is a stone staircase leading down here.
You barely miss Edmund. You block Edmund's attack.
You hit Edmund but do no damage. Edmund misses you.
Edmund hits you with a +0 flail of protection!
You barely miss Edmund. You block Edmund's attack.
You hit Edmund.
Edmund is lightly wounded.
Edmund zaps a wand.
The roots erupt in riotous growth!
The grasping roots grab you!
Edmund is unaffected.
The grasping roots constrict you.
You hit Edmund.
Edmund is lightly wounded.
Edmund hits you with a +0 flail of protection!
The grasping roots constrict you. You block Edmund's attack.
The grasping roots constrict you.
You closely miss Edmund.
Edmund is lightly wounded.
You block Edmund's attack. The grasping roots constrict you.
* * * LOW HITPOINT WARNING * * *
The grasping roots release their grip on you.
You hit Edmund but do no damage.
Edmund is lightly wounded.
Edmund zaps a wand.
The roots erupt in riotous growth!
The grasping roots grab you!
Edmund is unaffected.
The grasping roots constrict you.
* * * LOW HITPOINT WARNING * * *
Edmund hits you but does no damage. The grasping roots constrict you.
* * * LOW HITPOINT WARNING * * *
You feel better.
Edmund hits you with a +0 flail of protection!
* * * LOW HITPOINT WARNING * * *
The grasping roots constrict you.
* * * LOW HITPOINT WARNING * * *
You feel very mighty all of a sudden. You block Edmund's attack.
The grasping roots constrict you.
You die...
Your body crumbles into a pile of gold.

#.#.........#.#......#
#.#.######.##.#.######
####.#.# #.##.#.#
.....#.# #....#.#
.....#.# ###....#
.....#.# #...##
.....#.# #...#
..#'##.# #@.##
..'∩'..# ##@# ..#'##.#
### ....##.# ###.##.#
#.##.# #.##.# #.##.#
#.##.# ###.##.#


You could see Edmund.

Vanquished Creatures
  Eustachio (D:4)
  An orc wizard (D:4)
  A gnoll (D:2)
  4 adders
  An ufetubus (D:4)
  3 worms
  A dart slug (D:1)
  4 orcs
  6 endoplasms
  11 giant cockroaches
  9 goblins
  12 hobgoblins
  2 jackals (D:2)
  8 quokkas
  6 ball pythons
  6 bats
  3 frilled lizards
  11 kobolds
  5 rats (D:2)
95 creatures vanquished.

Notes
Turn   | Place    | Note
-------+----------+-------------------------------------------
     0 | D:1      | Descartes the Formicid Fighter began the quest for the Orb.
     0 | D:1      | Reached XP level 1. HP: 18/18 MP: 1/1
   118 | D:1      | Reached XP level 2. HP: 23/24 MP: 2/2
   336 | D:1      | Reached XP level 3. HP: 23/29 MP: 3/3
   596 | D:2      | Reached skill level 1 in Translocations
   806 | D:2      | Reached XP level 4. HP: 36/37 MP: 4/4
  1406 | D:2      | Reached skill level 1 in Evocations
  1406 | D:2      | Reached XP level 5. HP: 42/42 MP: 5/5
  2152 | D:3      | Identified the +3 ring mail of Mihos {Will++ Str+5 Stlth+}
  2470 | D:4      | Found Havyfiov's General Store.
  2535 | D:4      | Noticed Eustachio
  2633 | D:4      | Killed Eustachio
  2634 | D:4      | Reached skill level 5 in Shields
  2634 | D:4      | Reached XP level 6. HP: 7/49 MP: 6/6
  2816 | D:4      | Found a blossoming altar of Fedhas.
  2980 | D:4      | Found an opulent altar of Gozag.
  3032 | D:4      | Became a worshipper of Gozag Ym Sagoz the Greedy
  3202 | D:4      | Found a staircase to the Ecumenical Temple.
  3226 | Temple   | Entered the Ecumenical Temple
  3544 | D:5      | Entered Level 5 of the Dungeon
  3544 | D:5      | Noticed Edmund
  3562 | D:4      | Constricted to death by Edmund

Illustrated notes

Levels and vault maps discovered:
D:1:      amcnicky_arrival_choice, layout_rooms
D:2:      minmay_chambers_of_twos, layout_basic,
          nicolae_concentric_dashed_squares_wild, minmay_splitting_lines,
          minmay_increasing_density
D:3:      layout_loops_cross
D:4:      layout_basic, grunt_gozag_statues, fedhas_ov_isle_minmay,
          minmay_temple_entry_junction_2, serial_shops,
          nicolae_shop_behind_doors, uniq_eustachio
D:5:      old_forge, layout_rooms, nicolae_dithmenos_the_darkroom, serial_glass,
          glass_columns_a, glass_columns_a, uniq_prince_ribbit1, uniq_edmund,
          uniq_pikel
Temple:   eino_wide_crystal_templ

Skill      XL: |  1  2  3  4  5 |
---------------+----------------+-----
Translocations | 1 2 |  2.1
Evocations     | 1 2 |  2.1
Armour         | 4 |  4.3
Fighting       | 4 |  4.4
Axes           | 3 |  3.2
Shields        | 5 |  5.2

Action                     |  1- 3 |  4- 6 || total
---------------------------+-------+-------++-------
  Melee: War axe           |   112 |   212 ||   324
Ability: Dig               |       |     1 ||     1
    Use: Potion            |       |     2 ||     2
 Armour: Scale mail        |    53 |    86 ||   139
  Dodge: Dodged            |    71 |    99 ||   170
  Block: Buckler           |    36 |    50 ||    86
         Kite shield       |       |    16 ||    16
